AoeStats
← ngoodnight01

MegaRandom

506485253Analyzed
2v2 RM · 19d ago on Sep 13, 2026· 52m 51s· 4 players
Game mode
Random Map
Map size
Medium (4 player)
Population
200
Speed
Normal
Resources
Standard
Victory
Conquest
Starting age
Dark Age
Ending age
Imperial Age
RankedLock teamsTeams togetherTeam positionsShared explorationLock speedFull tech treeHidden civsTurbo modeCheats
Victory
Defeat
🇫🇷 Franks · France
627
+12
🇹🇷 Berbers · Türkiye
588
+13
🇺🇸 Dravidians · United States
584
-15
🇹🇷 Huns · Türkiye
468
-10
Ninin Orval
9:56 Loom
12:20 Feudal Age
14:11 Man-at-Arms
15:33 Double-Bit Axe
16:36 Forging
16:32 Scale Mail Armor
25:33 Castle Age
24:25 Scale Barding Armor
24:12 Fletching
27:03 Pikeman
28:52 Wheelbarrow
28:05 Town Watch
29:12 Husbandry
33:09 Iron Casting
32:50 Chain Mail Armor
37:12 Imperial Age
35:08 Ballistics
35:26 Hand Cart
36:49 Town Patrol
38:15 Conscription
37:56 Chivalry
38:51 Bow Saw
38:24 Cavalier
40:09 Blast Furnace
39:30 Chain Barding Armor
39:59 Caravan
40:08 Paladin
45:34 Halberdier
47:24 Masonry
47:10 Murder Holes
46:54 Elite Throwing Axeman
50:35 Architecture
53:44 Plate Barding Armor
53:06 Bodkin Arrow
gokhandg100
12:46 Feudal Age
14:05 Wheelbarrow
16:49 Bloodlines
17:30 Double-Bit Axe
25:01 Castle Age
23:41 Horse Collar
28:56 Hand Cart
28:52 Scale Barding Armor
28:54 Husbandry
31:04 Gold Mining
36:32 Chain Barding Armor
41:20 Imperial Age
40:04 Heavy Plow
40:08 Scale Mail Armor
41:27 Cavalier
41:43 Capped Ram
44:23 Padded Archer Armor
44:14 Fletching
46:34 Elite Skirmisher
51:39 Plate Barding Armor
52:32 Heavy Cavalry Archer
52:33 Crossbowman
53:37 Leather Archer Armor
FZL
10:39 Loom
13:18 Feudal Age
14:37 Wheelbarrow
13:51 Double-Bit Axe
13:48 Horse Collar
20:58 Castle Age
19:39 Stone Mining
19:42 Gold Mining
22:21 Hand Cart
23:06 Pikeman
25:25 Squires
25:11 Arson
26:36 Forging
26:27 Scale Mail Armor
30:35 Chain Mail Armor
30:55 Iron Casting
31:44 Bow Saw
31:37 Heavy Plow
32:15 Gold Shaft Mining
37:12 Imperial Age
41:10 Halberdier
41:57 Husbandry
42:07 Bloodlines
41:19 Cavalier
42:14 Scale Barding Armor
44:47 Chemistry
43:14 Elite Tarkan
46:08 Ballistics
ngoodnight01
0:45 Loom
14:37 Feudal Age
15:07 Man-at-Arms
16:23 Town Watch
24:04 Castle Age
26:37 Pikeman
27:32 Long Swordsman
27:37 Crossbowman
33:06 Caravan
35:01 Squires
34:48 Arson
34:50 Gambesons
40:11 Imperial Age
41:07 Fortified Wall
41:36 Wheelbarrow
41:45 Halberdier
Connection lost

Rejoining the realm…

Still unreachable

The connection could not be restored.

Session expired

The server has moved on; the page needs a fresh start.